 Dungeon Crawl Stone Soup version 0.29-a0-844-ge8845773e3 (webtiles) character file.

Game seed: 1073081512728313330

2142 Malachi the Frost Mage (level 9, 0/56 (68) HPs)
             Began as a Naga Ice Elementalist on July 15, 2022.
             Was an Initiate of Cheibriados.
             Slain by a wight
             ... wielding a +2 spear
              (1 damage)
             ... on level 7 of the Dungeon.
             The game lasted 00:13:59 (7535 turns).

Malachi the Frost Mage (Naga Ice Elementalist)      Turns: 7535, Time: 00:14:00

HP:   0/56 (68)     AC:  7    Str: 12    XL:     9   Next: 30%
MP:   13/19         EV: 10    Int: 23    God:    Cheibriados [......]
Gold: 376           SH:  5    Dex: 12    Spells: 11/22 levels left

rFire   . . .      SeeInvis +   b - +9 spear "Beastslayer" {vorpal, Int+2}
rCold   . . .      Faith    .   (no shield)
rNeg    . . .      Spirit   .   a - +0 robe
rPois   +          Reflect  +   x - +0 hat {Will+}
rElec   .          Harm     .   v - +0 cloak
rCorr   .          Rampage  .   l - +1 pair of gloves
Will    ++...                   (no barding)
Stlth   ++........              f - amulet of reflection
HPRegen 0.18/turn               (no ring)
MPRegen 0.16/turn               (no ring)

@: heavily drained, invisible, very slow
A: AC +3, large, see invisible, deformed body, poison resistance, slowness 2,
spit poison 1, naga tail 1
a: Spit Poison, Renounce Religion


You were on level 7 of the Dungeon.
You worshipped Cheibriados.
Cheibriados was noncommittal.
You visited 2 branches of the dungeon, and saw 8 of its levels.

You collected 376 gold pieces.

Inventory:

Hand Weapons
 b - the +9 spear "Beastslayer" (weapon) {vorpal, Int+2}
   (You found it on level 6 of the Dungeon)

   It inflicts extra damage upon your enemies.
   Int:       It affects your intelligence (+2).
 i - a +2 dagger of venom
 s - a +2 spectral quarterstaff
 D - a +6 battleaxe of freezing
Armour
 a - a +0 robe (worn)
 l - a +1 pair of gloves (worn)
 v - a +0 cloak (worn)
 x - a +0 hat of willpower (worn)
 C - the +5 chain mail "Xeoseheb" {rF+ MP+9 Dex+3}
   (You took it off an orc on level 6 of the Dungeon)

   Dex:       It affects your dexterity (+3).
   rF:        It protects you from fire.
   MP:        It affects your magic capacity (+9).
Jewellery
 f - an amulet of reflection (around neck)
Wands
 m - a wand of flame (8)
 B - a wand of digging (8)
Scrolls
 c - a scroll of immolation
 d - a scroll of brand weapon
 k - 3 scrolls of blinking
 q - 2 scrolls of teleportation {unknown}
 r - 2 scrolls of fear {unknown}
 t - a scroll of silence {unknown}
 w - a scroll of vulnerability {unknown}
 y - a scroll of enchant weapon {unknown}
 z - 2 scrolls of poison {unknown}
 A - a scroll of identify
Potions
 e - 3 potions of might {unknown}
 g - 2 potions of berserk rage {unknown}
 h - a potion of lignification {unknown}
 n - a potion of ambrosia {unknown}
 o - 2 potions of flight {unknown}
 p - 4 potions of curing {unknown}
 u - a potion of mutation {unknown}


   Skills:
 - Level 1.5 Dodging
 - Level 3.0 Stealth
 - Level 0.7 Shields
 * Level 7.2 Spellcasting
 - Level 8.0 Ice Magic
 - Level 8.0 Poison Magic


You had 11 spell levels left.
You knew the following spells:

 Your Spells              Type           Power      Damage    Failure   Level
a - Freeze                Ice            100%       1d11      1%          1
b - Frozen Ramparts       Ice            90%        1d11      1%          3
c - Ozocubu's Armour      Ice            45%        N/A       1%          3
d - Olgreb's Toxic Radia  Pois           45%        N/A       2%          4

Your spell library contained the following spells:

 Spells                   Type           Power      Damage    Failure   Level
 Sting                    Tmut/Pois      100%       1d8       1%          1
 Poisonous Vapours        Pois/Air       52%        N/A       2%          2
 Hailstorm                Conj/Ice       26%        3d7       14%         4


Dungeon Overview and Level Annotations

Branches:
Dungeon (7/15)             Temple (1/1) D:5

Altars:
Ashenzari
Cheibriados
Elyvilon
Hepliaklqana
Kikubaaqudgha
Makhleb
Nemelex Xobeh
Okawaru
Qazlal
Trog
Uskayaw
Wu Jian
Yredelemnul
The Shining One

Shops:
D:6 **

Annotations:
D:3 3 runed translucent doors, Jano's ghost, amateur FoFi


Innate Abilities, Weirdness & Mutations

Your serpentine skin is tough. (AC +3)
You have supernaturally acute eyesight. (SInv)
Armour fits poorly on your strangely shaped body.
Your system is resistant to poisons. (rPois)
You cover ground very slowly.
You can spit poison.
You have a snake-like lower body.


Message History

You feel drained.
* * * LOW HITPOINT WARNING * * *
You hit the wight.
You destroy the wight!
Cheibriados appreciates the change of pace.
The wight hits you from afar with a +2 spear.
* * * LOW HITPOINT WARNING * * *
You feel drained.
Aiming: Throw Flame
Press: ? - help, Shift-Dir - straight line, f - wight
Aim: a wight, wielding a +2 spear and wearing a +0 robe (68% to hit)
The puff of flame hits the wight.
The wight is heavily damaged.
The wight barely misses you.
Unknown command.
Aiming: Throw Flame
Press: ? - help, Shift-Dir - straight line, f/p - wight
Aim: a wight, wielding a +2 spear and wearing a +0 robe (heavily damaged, 68% to hit)
The puff of flame hits the wight.
The wight is heavily damaged.
The wight hits you from afar with a +2 spear!
* * * LOW HITPOINT WARNING * * *
You feel drained.
* * * LOW HITPOINT WARNING * * *
You fade into invisibility!
The wight misses you.
Aiming: Throw Flame
Press: ? - help, Shift-Dir - straight line, f/p - wight
Aim: a wight, wielding a +2 spear and wearing a +0 robe (heavily damaged, unable to see you, 68% to hit)
The puff of flame misses the wight.
The wight barely misses you.
Unknown command.
Aiming: Throw Flame
Press: ? - help, Shift-Dir - straight line, f/p - wight
Aim: a wight, wielding a +2 spear and wearing a +0 robe (heavily damaged, unable to see you, 68% to hit)
The puff of flame hits the wight but does no damage.
The wight is heavily damaged.
The wight hits you from afar with a +2 spear.
* * * LOW HITPOINT WARNING * * *
You feel drained.
You die...

..#### #..#######.#######
.....#####.##...##...##...##
...........#<.8..'.8.'..8.<#
......#######...##...##...##
......# #######.#######
......### ##### ##)##
........# #...# #.).#
#......####...####.8.#
.......###.....#@#...#
.....##...##..##)##>##
................z.###
...###..............## ...
.................##
...######.......).....## .
##.............##
##.........[...###
#.#....ยง###.....##


You could see a wight (unable to see you).

Vanquished Creatures
  Sigmund (D:4)
  4 water moccasins
  A black bear (D:6)
  An ice beast (D:5)
  A sky beast (D:6)
  An ogre (D:6)
  A centaur (D:6)
  Blork the orc (D:4)
  A gnoll sergeant (D:6)
  2 scorpions
  4 wights (D:7)
  3 jellies
  2 hounds (D:5)
  3 orc priests
  3 iguanas
  4 orc wizards
  Natasha (thrice) (D:2)
  3 gnolls (D:6)
  5 adders
  A shadow imp (D:5)
  3 white imps
  3 adder zombies (D:3)
  An adder skeleton (D:3)
  3 worms
  3 dart slugs
  8 orcs
  3 endoplasms
  4 giant cockroaches
  3 goblins
  6 hobgoblins
  3 kobolds
  3 quokkas
  3 ball pythons
  3 bats
  3 frilled lizards
  A quokka skeleton (D:3)
  2 rats
100 creatures vanquished.

Vanquished Creatures (others)
  A withered plant (D:3)
1 creature vanquished.

Grand Total: 101 creatures vanquished

Notes
Turn   | Place    | Note
-------+----------+-------------------------------------------
     0 | D:1      | Malachi the Naga Ice Elementalist began the quest for the
                  | Orb.
     0 | D:1      | Reached XP level 1. HP: 15/15 MP: 3/3
   396 | D:1      | Reached XP level 2. HP: 20/22 MP: 0/5
  1236 | D:2      | Noticed Natasha
  1244 | D:2      | Reached XP level 3. HP: 25/28 MP: 7/7
  1251 | D:2      | Killed Natasha
  1282 | D:2      | Noticed Natasha
  1296 | D:2      | Killed Natasha
  1297 | D:2      | Reached XP level 4. HP: 13/36 MP: 3/10
  1367 | D:2      | Noticed Natasha
  1374 | D:2      | Killed Natasha
  1595 | D:2      | Learned a level 3 spell: Frozen Ramparts
  1599 | D:2      | Learned a level 3 spell: Ozocubu's Armour
  2372 | D:3      | Noticed a scorpion
  2376 | D:3      | Killed a scorpion
  2377 | D:3      | Reached skill level 5 in Ice Magic
  2377 | D:3      | Reached XP level 5. HP: 42/42 MP: 7/11
  2515 | D:3      | Found a faded altar of an unknown god.
  2963 | D:3      | Found a runed translucent gate.
  2964 | D:3      | Found a runed translucent gate.
  2965 | D:3      | Found a runed translucent gate.
  2969 | D:3      | Noticed Jano's ghost (amateur FoFi)
  3812 | D:4      | Noticed Blork the orc
  3812 | D:4      | Noticed Sigmund
  3828 | D:4      | Killed Blork the orc
  3829 | D:4      | Reached XP level 6. HP: 17/49 MP: 3/12
  4046 | D:4      | Killed Sigmund
  4047 | D:4      | Reached XP level 7. HP: 55/55 MP: 6/13
  4513 | D:5      | Entered Level 5 of the Dungeon
  4600 | D:4      | Reached skill level 1 in Poison Magic
  5124 | D:5      | Reached XP level 8. HP: 62/62 MP: 4/14
  5244 | D:5      | Learned a level 4 spell: Olgreb's Toxic Radiance
  5524 | D:5      | Found a staircase to the Ecumenical Temple.
  5641 | D:5      | Reached skill level 5 in Poison Magic
  5985 | D:6      | Found Biurgh's Specific Store.
  5987 | D:6      | Found Zoleczeb's General Store.
  6346 | D:6      | Reached skill level 5 in Spellcasting
  6358 | D:6      | Reached XP level 9. HP: 35/68 MP: 9/17
  6359 | D:6      | Identified the +5 chain mail "Xeoseheb" {rF+ MP+9 Dex+3}
  6566 | D:6      | Identified the +9 spear "Beastslayer" {vorpal, Int+2}
  7222 | Temple   | Entered the Ecumenical Temple
  7294 | Temple   | Became a worshipper of Cheibriados the Contemplative
  7535 | D:7      | HP: 1/58 [wight/+2 spear (2)]
  7535 | D:7      | Slain by a wight

Illustrated notes

Levels and vault maps discovered:
D:1:      dpeg_arrival_tiny_d, layout_loops_cross, hangedman_decor_growths
D:2:      layout_basic, uniq_natasha
D:3:      layout_basic, ebering_ecumenical_altar_sacrificial, serial_undead,
          serial_undead_d, serial_undead_e, serial_undead_f, serial_undead_e,
          serial_undead_b, serial_undead_b, serial_undead_e, serial_undead_f,
          gammafunk_ghost_split, kennysheep_small_spiral
D:4:      layout_basic, uniq_sigmund, uniq_blork_the_orc
D:5:      layout_layer_cave, minmay_temple_entry_trees
D:6:      layout_rooms, nicolae_specific_store, hangedman_glass_teeth
D:7:      layout_cave_pools, serial_gnoll_camp, gnoll_camp_huts_basic,
          gnoll_camp_mini_basic, gnoll_camp_medium_02, gnoll_camp_mini_shop,
          grunt_ministairs_5, uniq_prince_ribbit1, uniq_menkaure
Temple:   eino_temple_lava

Skill      XL: |  1  2  3  4  5  6  7  8  9 |
---------------+----------------------------+-----
Spellcasting   | 3 4 5 7 |  7.2
Ice Magic      | 5 6 7 8 |  8.0
Poison Magic   | 4 8 |  8.0
Dodging        | |  1.5
Stealth        | |  3.0
Shields        | |  0.7

Action                   |  1- 3 |  4- 6 |  7- 9 || total
-------------------------+-------+-------+-------++-------
Melee: Unarmed           |     2 |       |       ||     2
       Dagger            |    14 |    62 |    16 ||    92
       Short sword       |     1 |       |       ||     1
       Punch             |       |     2 |       ||     2
       Quarterstaff      |       |       |     3 ||     3
       Spear             |       |       |    18 ||    18
 Cast: Freeze            |    29 |    12 |    44 ||    85
       Frozen Ramparts   |       |     9 |    17 ||    26
       Ozocubu's Armour  |       |     2 |     5 ||     7
       Olgreb's Toxic Ra |       |       |     5 ||     5
 Abil: Spit Poison       |     8 |    12 |     4 ||    24
Evoke: Wand              |       |       |     9 ||     9
  Use: Scroll            |       |     3 |     2 ||     5
       Potion            |       |       |     2 ||     2
 Stab: Sleeping          |       |     2 |     1 ||     3
Armor: Robe              |     2 |    22 |    50 ||    74
Dodge: Dodged            |    21 |    32 |    53 ||   106
Block: Other             |     5 |    17 |    40 ||    62
       Reflection        |       |       |     2 ||     2

Table legend: (Time is in decaauts)
 A = Elapsed time spent in this place.
 B = Non-inter-level travel time spent in this place.
 C = Inter-level travel time spent in this place.
 D = Time resting spent in this place.
 E = Time spent auto-exploring this place.
 F = Levels seen in this place.
 G = Mean time per level.
                   A        B        C        D        E       F      G
               +--------+--------+--------+--------+--------+-----+--------+
         Total |   9359 |   8841 |    518 |   1090 |   6511 |   8 | 1169.9 |
       Dungeon |   9246 |   8760 |    486 |   1090 |   6442 |   7 | 1320.9 |
        Temple |    112 |     80 |     32 |      0 |     68 |   1 |  112.0 |
               +--------+--------+--------+--------+--------+-----+--------+

Top non-repeatable levels by time:
     D:5: 1849 daAuts
     D:4: 1605 daAuts
     D:6: 1414 daAuts
     D:1: 1409 daAuts
     D:3: 1403 daAuts
     D:2: 1272 daAuts
     D:7: 291 daAuts
  Temple: 112 daAuts
